 Dungeon Crawl Stone Soup version 0.18.1-48-g4cf74bf (webtiles) character file.

332 Mesmaeker13 the Caller (level 6, -1/45 HPs)
             Began as a Draconian Summoner on June 30, 2016.
             Slain by a gnoll
             ... wielding a +0 spear
              (3 damage)
             ... on level 5 of the Dungeon.
             The game lasted 00:17:29 (5382 turns).

Mesmaeker13 the Caller (Draconian Summoner)         Turns: 5382, Time: 00:17:30

Health: -1/45      AC:  8    Str: 10    XL:     6   Next: 26%
Magic:  3/9        EV: 14    Int: 17    God:
Gold:   200        SH:  0    Dex: 16    Spells: 3 memorised, 3 levels left

rFire  . . .     SeeInvis .     E - +7 whip "Vafoe" {freeze, rN+ Dex+4}
rCold  . . .     Gourm    .     (armour unavailable)
rNeg   + . .     Faith    .     (no shield)
rPois  .         Spirit   .     A - +2 hat
rElec  .         Dismiss  .     (no cloak)
rCorr  .         Reflect  .     (no gloves)
SustAt .         Harm     .     (no boots)
MR     .....                    (no amulet)
Stlth  ++........               (no ring)
                                (no ring)

@: not resistant to hostile enchantments, unstealthy
A: unfitting armour, cold-blooded, AC +6
a: no special abilities


You were on level 5 of the Dungeon.
You were not hungry.

You visited 1 branch of the dungeon, and saw 5 of its levels.

You collected 200 gold pieces.

Inventory:

Hand Weapons
 E - the +7 whip "Vafoe" (weapon) {freeze, rN+ Dex+4}
   (You found it on level 5 of the Dungeon)

   It has been specially enchanted to freeze those struck by it, causing extra
   injury to most foes and up to half again as much damage against particularly
   susceptible opponents.
   It can also slow down cold-blooded creatures.
   It affects your dexterity (+4).
   It protects you from negative energy.
Missiles
 c - 8 poisoned needles
 d - 106 stones (quivered)
 s - 17 tomahawks
Armour
 p - a +0 large shield
 v - a +0 shield
 A - a +2 hat (worn)
Scrolls
 h - a scroll of amnesia {unknown}
 i - a scroll of random uselessness {unknown}
 j - 2 scrolls of recharging
 m - 2 scrolls of remove curse
 n - a scroll of magic mapping {unknown}
 r - a scroll of teleportation {unknown}
 D - a scroll of blinking {unknown}
Potions
 e - a potion of lignification {unknown}
 f - a potion of ambrosia {unknown}
 g - a potion of experience {unknown}
 k - 2 potions of brilliance
 l - 2 potions of mutation
 o - a potion of might
 q - a potion of invisibility {unknown}
 t - a potion of cure mutation {unknown}
 u - 2 potions of degeneration {unknown}
 z - a potion of curing {unknown}
Books
 a - a book of Callings

   Spells                             Type                      Level
   a - Summon Small Mammal            Summoning                    1
   b - Call Imp                       Summoning                    2
   c - Call Canine Familiar           Summoning                    3
   d - Summon Guardian Golem          Hexes/Summoning              3
   e - Summon Lightning Spire         Summoning/Air                4
   f - Summon Ice Beast               Ice/Summoning                4
 C - a book of Ice

   Spells                             Type                      Level
   a - Ice Form                       Ice/Transmutation            4
   b - Metabolic Englaciation         Hexes/Ice                    5
   c - Ozocubu's Refrigeration        Ice                          6
   d - Bolt of Cold                   Conjuration/Ice              6
   e - Freezing Cloud                 Conjuration/Ice/Air          6
   f - Simulacrum                     Ice/Necromancy               6
Comestibles
 b - 3 bread rations


   Skills:
 + Level 4.3 Dodging
 - Level 1.7 Stealth
 - Level 2.0 Spellcasting
 + Level 6.2 Summonings


You had 3 spell levels left.
You knew the following spells:

 Your Spells              Type           Power        Failure   Level  Hunger
a - Summon Small Mammal   Summ           ###.         1%          1    #......
b - Call Imp              Summ           ###.....     2%          2    ###....
c - Call Canine Familiar  Summ           ###.....     6%          3    ###....


Dungeon Overview and Level Annotations

Branches:
Dungeon (5/15)
 Temple: D:4-7

Altars:
Cheibriados
Makhleb
Pakellas

Shops:
D:4 }


Innate Abilities, Weirdness & Mutations

Your plain brown scales are hard (AC +6).
Your body does not fit into most forms of armour.
You are cold-blooded and may be slowed by cold attacks.


Message History

A gnoll comes into view. It is wielding a spear.
The gnoll hits you from afar with a spear!
The gnoll barely misses you.
The centaur wields a shortbow.
The centaur shoots an arrow.
The arrow hits your hound! Something hits your hound.
Casting: Call Canine Familiar
Confirm with . or Enter, or press ? or * to list all spells.
Your hound disappears in a puff of smoke!
The centaur shoots an arrow.
The arrow hits you! The gnoll closely misses you.
Casting: Call Canine Familiar
Confirm with . or Enter, or press ? or * to list all spells.
Your hound disappears in a puff of smoke!
The gnoll hits you with a spear!
The centaur shoots an arrow.
The arrow closely misses your hound.
The arrow barely misses the gnoll.
The arrow hits you!
* * * LOW HITPOINT WARNING * * *
The gnoll hits you from afar with a halberd.
* * * LOW HITPOINT WARNING * * *
The gnoll hits you from afar with a spear.
You die...

### # ##.######.### #
##### ##..##...# ...##
...... ##...##.#.# ##..#
......###.?..##.#.###....
......g§.................
....c.hg................<
.......#(.#####.##>......
.......#@######.#...####.
....g................# #.
.................###.# #.
...##..........#.###.####
#.>...........##........#
##...#..........#.###..
...........###.#..###.
#.##........# #........
.... #........


You could see 3 gnolls.

Vanquished Creatures
  A howler monkey (D:4)
  A worker ant (D:3)
  2 gnolls (D:3)
  An adder (D:3)
  An ooze (D:1)
  2 dart slugs
  4 giant geckos
  6 orcs (D:3)
  7 bats
  A giant cockroach (D:3)
  10 goblins
  4 hobgoblins
  2 jackals
  3 kobolds (D:2)
  A ball python (D:3)
  4 giant newts (D:1)
  4 rats
54 creatures vanquished.

Vanquished Creatures (collateral kills)
  A jelly (D:5)
  2 orc wizards (D:3)
  Terence (D:2)
  Natasha (twice) (D:2)
  A hound skeleton (D:4)
  Robin (D:4)
  4 gnolls (D:3)
  2 adders
  A shadow imp (D:5)
  An ooze (D:3)
  2 worms
  A dart slug (D:1)
  6 orcs (D:3)
  A giant cockroach (D:3)
  5 goblins
  5 hobgoblins
  5 jackals
  4 kobolds
  A quokka (D:2)
  A bat (D:2)
  A giant newt (D:3)
  3 rats
51 creatures vanquished.

Vanquished Creatures (others)
  A jelly (D:2)
1 creature vanquished.

Grand Total: 106 creatures vanquished

Notes
Turn   | Place    | Note
--------------------------------------------------------------
     0 | D:1      | Mesmaeker13 the Draconian Summoner began the quest for the Orb.
     0 | D:1      | Reached XP level 1. HP: 14/14 MP: 3/3
   724 | D:1      | Reached XP level 2. HP: 20/20 MP: 3/5
  1422 | D:2      | Learned a level 2 spell: Call Imp
  1430 | D:2      | Noticed Terence
  1447 | D:2      | Killed Terence
  1447 | D:2      | Reached XP level 3. HP: 21/26 MP: 0/6
  2278 | D:2      | Noticed Natasha
  2284 | D:2      | Killed Natasha
  2284 | D:2      | Reached skill level 5 in Summonings
  2284 | D:2      | Reached XP level 4. HP: 32/33 MP: 1/7
  2294 | D:2      | Noticed Natasha
  2299 | D:2      | Killed Natasha
  2406 | D:2      | Found an oddly glowing altar of Pakellas.
  2408 | D:2      | Noticed an orange crystal statue
  2869 | D:3      | Reached XP level 5. HP: 38/38 MP: 3/8
  4007 | D:4      | Learned a level 3 spell: Call Canine Familiar
  4132 | D:4      | Found a burning altar of Makhleb.
  4175 | D:4      | Found a snail-covered altar of Cheibriados.
  4290 | D:4      | Reached skill level 6 in Summonings
  4335 | D:4      | Noticed Robin
  4361 | D:4      | Reached XP level 6. HP: 32/45 MP: 3/9
  4371 | D:4      | Killed Robin
  4793 | D:4      | Found Lirghal's Gadget Boutique.
  5284 | D:5      | Entered Level 5 of the Dungeon
  5363 | D:5      | Got a warped whip
  5364 | D:5      | Identified the +7 whip "Vafoe" {freeze, rN+ Dex+4} (You found it on level 5 of the Dungeon)
  5381 | D:5      | HP: 1/45 [gnoll/halberd (5)]
  5382 | D:5      | Slain by a gnoll

Skill      XL: |  1  2  3  4  5 |
---------------+----------------+-----
Dodging        | 2 3 4 |  4.3
Summonings     | 5 6 |  6.2
Stealth        | |  1.7
Spellcasting   | |  2.0

Action                   |  1- 3 |  4- 6 || total
-------------------------+-------+-------++-------
Melee: Dagger            |   136 |   167 ||   303
       Tailslap          |     4 |    16 ||    20
       Whip              |       |    12 ||    12
 Cast: Summon Small Mamm |    25 |    27 ||    52
       Call Imp          |    10 |    13 ||    23
       Call Canine Famil |       |     9 ||     9
  Use: Scroll            |     3 |     3 ||     6
       Potion            |       |     2 ||     2
 Stab: Distracted        |       |     1 ||     1
  Eat: Chunk             |     5 |     8 ||    13
       Bread ration      |       |     1 ||     1
Armor: Skin              |    59 |    24 ||    83
Dodge: Dodged            |   125 |    95 ||   220
